 Dungeon Crawl Stone Soup version 0.31.0-9-g3a7656b989 (webtiles) character file.

Game seed: 15101415328703901382

165 qw the Skirmisher (level 5, 0/29 HPs)
             Began as a Deep Elf Hunter on Feb 2, 2024.
             Killed by divine providence
             ... invoked by an orc priest
              (15 damage)
             ... on level 4 of the Dungeon.
             The game lasted 00:00:08 (2632 turns).

qw the Skirmisher (Deep Elf Hunter)                 Turns: 2632, Time: 00:00:09

Health: 0/29       AC:  3    Str: 10    XL:     5   Next: 22%
Magic:  7/7        EV: 12    Int: 12    God:
Gold:   118        SH:  0    Dex: 16    Spells: 4/4 levels left

rFire   . . .        a - +0 shortbow
rCold   . . .        (shield currently unavailable)
rNeg    + . .        b - +0 robe of a Thousand Loafs {rPois rCorr Int-2 Slay+2}
rPois   +            (no helmet)
rElec   .            (no cloak)
rCorr   +            (no gloves)
SInv    .            d - +0 pair of boots
Will    .....        j - amulet of the acrobat
Stlth   ++           f - ring of positive energy
HPRegen 0.24/turn    (no ring)
MPRegen 0.10/turn

%: acrobat
@: no status effects
A: clumsy 1, high MP 1, teleportitis 1
a: no special abilities


You were on level 4 of the Dungeon.
You visited 1 branch of the dungeon, and saw 4 of its levels.

You collected 118 gold pieces.


Innate Abilities, Weirdness & Mutations

You are clumsy. (Dex -2)
You have an increased reservoir of magic. (+10% MP)
You are occasionally teleported next to monsters.


   Skills:
 - Level 1.5 Fighting
 + Level 8.7 Ranged Weapons
 - Level 2.4 Dodging
 - Level 1.2 Stealth


You had 4 spell levels left.
You didn't know any spells.
Your spell library was empty.

Inventory:

Hand Weapons
 a - a +0 shortbow (weapon)
Armour
 b - the +0 robe of a Thousand Loafs (worn) {rPois rCorr Int-2 Slay+2}
   (You found it on level 2 of the Dungeon)

   Int-2:     It affects your intelligence (-2).
   Slay+2:    It affects your accuracy & damage with ranged weapons and melee
   (+2).
   rPois:     It protects you from poison rCorr: It protects you from acid and
   corrosion.
 d - a +0 pair of boots (worn)
 i - a +3 leather armour
Jewellery
 f - a ring of positive energy (left hand)
 j - an amulet of the acrobat (around neck)
Potions
 c - a potion of might
 e - 2 potions of cancellation
 g - 3 potions of curing
 h - a potion of haste {unknown}

Dungeon Overview and Level Annotations

Branches:
Dungeon (4/15)
 Temple: D:4-7

Altars:

Shops:
D:1 (


Message History

The hobgoblin shouts!
The arrow hits the orc wizard.
The orc wizard is moderately wounded.
You shoot an arrow.
The arrow closely misses the orc wizard.
You shoot an arrow.
The arrow closely misses the orc wizard.
The orc wizard hits you with a +0 dagger.
You shoot an arrow. The arrow misses the orc wizard.
The orc wizard hits you with a +0 dagger.
A hobgoblin comes into view.
You shoot an arrow.
The arrow completely misses the orc wizard.
The hobgoblin shouts!
The orc wizard hits you with a +0 dagger.
You shoot an arrow. The arrow barely misses the orc wizard.
The arrow hits the orc priest.
The orc priest is lightly wounded.
The orc wizard hits you but does no damage.
The orc hits you from afar with a +0 trident.
You shoot an arrow. The arrow hits the orc wizard.
The orc wizard is severely wounded.
The orc priest looks satisfied for a moment.
The orc barely misses you. The orc wizard closely misses you.
You shoot an arrow. The arrow hits the orc wizard!
You kill the orc wizard!
The orc barely misses you.
The orc priest looks braver for a moment.
You shoot an arrow. The arrow hits the orc priest.
The orc priest is moderately wounded.
The orc priest closely misses you. The orc closely misses you.
You shoot an arrow. The arrow hits the orc priest.
The orc priest is moderately wounded.
The orc priest closely misses you. The orc closely misses you.
You shoot an arrow.
The arrow completely misses the orc priest.
The orc priest invokes the aid of Beogh against you.
Beogh smites you!
Ouch! That really hurt!
You die...

...... .....
... ##..#
...###
#?##....#
%%...#
##......#
.....# <.....#
# #%.#.#
......#.. .##
### #........
.#
.....##........
##
.....g)@.......
.....oo###..#..
....... #
...##.. .. ...
. ....#..
###.....####
#.. ..#..#
....#


You could see an orc priest, an orc and a hobgoblin.

Vanquished Creatures
  An orc priest (D:4)
  An iguana (D:4)
  An orc wizard (D:4)
  2 adders
  A dart slug (D:4)
  A ribbon worm (D:4)
  3 orcs (D:3)
  4 bats
  4 endoplasms
  3 giant cockroaches
  5 hobgoblins
  4 jackals (D:2)
  10 kobolds
  2 quokkas (D:2)
  3 ball pythons
  2 frilled lizards (D:1)
  7 goblins
  3 rats
57 creatures vanquished.

Notes
Turn   | Place    | Note
-------+----------+-------------------------------------------
     0 | D:1      | qw the Deep Elf Hunter began the quest for the Orb.
     0 | D:1      | Reached XP level 1. HP: 12/12 MP: 3/3
     0 | D:1      | 0 ||| qw: Version: 0.3-a-155-g5e7d8dd
     0 | D:1      | 0 ||| qw: Game counter: 13
     0 | D:1      | 0 ||| qw: Melee chars always use a shield: true
     0 | D:1      | 0 ||| qw: God list: Okawaru
     0 | D:1      | 0 ||| qw: Allow faded altars: false
     0 | D:1      | 0 ||| qw: Do Orc after clearing Dungeon:15 true
     0 | D:1      | 0 ||| qw: Do second Lair branch before Depths: true
     0 | D:1      | 0 ||| qw: Lair rune preference: random
     0 | D:1      | 0 ||| qw: Goals: Normal
     0 | D:1      | 0 ||| PLANNING D:1-11
   148 | D:1      | Found Upsun's Antique Weapon Shoppe.
   203 | D:1      | Reached skill level 6 in Ranged Weapons
   203 | D:1      | Reached XP level 2. HP: 16/16 MP: 4/4
   825 | D:1      | 825 ||| UPGRADING to ring of positive energy.
   826 | D:1      | 826 ||| READING scroll labelled NIEKIO FAEN.
   827 | D:1      | 827 ||| READING 3 scrolls labelled KOOMPO SOUSIASEUN.
   828 | D:1      | 828 ||| READING scroll labelled BAT VOUHOGOW.
   852 | D:1      | 852 ||| DRINKING 2 black potions.
   853 | D:1      | 853 ||| DRINKING 2 fuming golden potions.
   853 | D:1      | Gained mutation: You are agile. (Dex +4, Str/Int -1)
                  | [potion of mutation]
   853 | D:1      | Gained mutation: You are frail. (-10% HP) [potion of
                  | mutation]
   854 | D:1      | 854 ||| DRINKING potion of mutation.
   854 | D:1      | Lost mutation: You are frail. (-10% HP) [potion of
                  | mutation]
   854 | D:1      | Lost mutation: You are agile. (Dex +4, Str/Int -1) [potion
                  | of mutation]
   854 | D:1      | Gained mutation: You are clumsy. (Dex -2) [potion of
                  | mutation]
   854 | D:1      | Gained mutation: You are occasionally teleported next to
                  | monsters. [potion of mutation]
   854 | D:1      | Gained mutation: You have an increased reservoir of magic.
                  | (+10% MP) [potion of mutation]
   862 | D:1      | 862 ||| DROPPING scroll of butterflies.
   863 | D:1      | 863 ||| DROPPING 2 scrolls of fear.
   916 | D:2      | Identified the +0 robe of a Thousand Loafs {rPois rCorr
                  | Int-2 Slay+2}
  1014 | D:2      | Reached XP level 3. HP: 20/20 MP: 5/5
  1384 | D:2      | Reached skill level 7 in Ranged Weapons
  1519 | D:2      | 1519 ||| UPGRADING to +0 robe of a Thousand Loafs {rPois
                  | rCorr Int-2 Slay+2}.
  1529 | D:2      | 1529 ||| DROPPING +0 leather armour.
  1530 | D:2      | 1530 ||| UPGRADING to +0 pair of boots.
  1535 | D:2      | 1535 ||| READING scroll labelled VEX DEISOGEPPI.
  1826 | D:3      | Identified the +7 trident "Efotaro" {venom, +Blink Str+5
                  | Int-2}
  1840 | D:3      | Reached XP level 4. HP: 25/25 MP: 6/6
  2376 | D:3      | Found a faded altar of an unknown god.
  2428 | D:3      | 2428 ||| UPGRADING to amulet of the acrobat.
  2433 | D:3      | 2433 ||| READING 3 scrolls labelled MENUHO TUIRIHO.
  2434 | D:3      | 2434 ||| READING scroll labelled TEUN TUDDEFAKOSCH.
  2434 | D:3      | 2434 ||| IDENTIFYING murky orange potion
  2435 | D:3      | 2435 ||| DRINKING 4 blue potions.
  2436 | D:3      | 2436 ||| DROPPING 2 scrolls of poison.
  2476 | D:4      | HP: 6/25 [iguana (3)]
  2483 | D:4      | Reached skill level 8 in Ranged Weapons
  2535 | D:4      | HP: 6/25 [giant cockroach (1)]
  2622 | D:4      | Reached XP level 5. HP: 24/29 MP: 7/7
  2632 | D:4      | Killed from afar by an orc priest

Levels and vault maps discovered:
D:1:      ebering_trefoil_twist, layout_basic, serial_shops, shop,
          minmay_pentomino_v4
D:2:      layout_basic
D:3:      layout_basic, shapermc_ecumenical_altar_hornbeckon,
          kennysheep_small_spiral
D:4:      wander_river, layout_cave_pools

Skill      XL: |  1  2  3  4 |
---------------+-------------+-----
Ranged Weapons | 6 7 8 |  8.7
Fighting       | |  1.5
Dodging        | |  2.4
Stealth        | |  1.2

Action                     |  1- 3 |  4- 6 || total
---------------------------+-------+-------++-------
   Fire: Shortbow          |   118 |    40 ||   158
    Use: Scroll            |     4 |     2 ||     6
         Potion            |     3 |     1 ||     4
 Armour: Leather armour    |    16 |       ||    16
         Robe              |     1 |    28 ||    29
  Dodge: Dodged            |    18 |    19 ||    37

Table legend:
 A = Non-vault XP
 B = Vault XP
 C = Vault XP percentage of total XP
 D = Non-vault monster count
 E = Vault monster count
 F = Vault count percentage of total count
                 A         B        C        D         E       F
            +---------+---------+-------+---------+---------+-------
      Total |     231 |       6 |   2.5 |      54 |       3 |   5.3
            +---------+---------+-------+---------+---------+-------
        D:1 |      27 |       6 |  18.2 |      15 |       3 |  16.7
        D:2 |      41 |       0 |   0.0 |      18 |       0 |   0.0
        D:3 |      27 |       0 |   0.0 |      14 |       0 |   0.0
        D:4 |     136 |       0 |   0.0 |       7 |       0 |   0.0
            +---------+---------+-------+---------+---------+-------
